 Dungeon Crawl Stone Soup version 0.26-a0-1107-g6118521029 (webtiles) character file.

Game seed: 16594966684586443646

194 Dracia the Distorting Demonspawn (level 5, -4/37 (41) HPs)
             Began as a Demonspawn Abyssal Knight on Dec 16, 2020.
             Was a Believer of Lugonu.
             Slain by Crazy Yiuf
             ... wielding a +2 quarterstaff of chaos
              (6 damage)
             ... on level 3 of the Dungeon.
             The game lasted 00:03:33 (3861 turns).

Dracia the Distorting Demonspawn (DsAK)             Turns: 3861, Time: 00:03:34

HP:   -4/37 (41)    AC:  9    Str: 14    XL:     5   Next: 44%
MP:   9/9           EV:  6    Int: 13    God:    Lugonu [**....]
Gold: 183           SH:  4    Dex: 12    Spells: 4/4 levels left

rFire    . . .     SeeInvis .   a - +1 falchion
rCold    + . .     Faith    .   (no shield)
rNeg     . . .     Spirit   .   g - +0 chain mail
rPois    .         Reflect  .   p - +0 helmet
rElec    .         Harm     .   d - scarf {+Inv}
rCorr    .         Rampage  .   (no gloves)
Will     .....                  (no boots)
Stlth    ..........             (no amulet)
HPRegen  0.12/turn              C - ring of protection from cold
MPRegen  0.11/turn              Z - ring of wizardry

@: slowed, drained, very slow
A: talons 1, large bone plates 1, miasma immunity
a: Depart the Abyss, Bend Space, Renounce Religion, Evoke Invisibility


You were on level 3 of the Dungeon.
You worshipped Lugonu.
Lugonu was pleased with you.
You visited 1 branch of the dungeon, and saw 3 of its levels.
You visited the Abyss 1 time.

You collected 183 gold pieces.


Innate Abilities, Weirdness & Mutations

You have sharp toenails.
You are partially covered in large bone plates. (SH +4)
You are immune to miasma.


   Skills:
 - Level 3.0 Fighting
 + Level 3.8 Long Blades
 - Level 1.7 Armour
 - Level 0.8 Dodging
 + Level 5.5 Invocations


You had 4 spell levels left.
You didn't know any spells.
Your spell library was empty.

Inventory:

Hand Weapons
 a - a +1 falchion (weapon)
Missiles
 f - 53 poisoned darts
Armour
 b - a +0 leather armour
 c - a +0 scale mail
 d - a scarf of invisibility (worn)
 g - a +0 chain mail (worn)
 p - a +0 helmet (worn)
Jewellery
 C - a ring of protection from cold (left hand)
 Z - a ring of wizardry (right hand)
Wands
 m - a wand of digging (6)
Scrolls
 e - 2 scrolls of enchant weapon {unknown}
 h - a scroll of random uselessness {unknown}
 i - 5 scrolls of blinking {unknown}
 k - 3 scrolls of remove curse {unknown}
 o - a scroll of magic mapping {unknown}
 r - a scroll of teleportation {unknown}
Potions
 j - a potion of flight
 l - 2 potions of brilliance {unknown}
 n - 2 potions of mutation {unknown}
 q - 2 potions of cancellation {unknown}

Dungeon Overview and Level Annotations

Branches:
Dungeon (3/15)

Altars:
Cheibriados
Dithmenos
Wu Jian

Annotations:
D:3 Crazy Yiuf

....####...#
#..).# ....#
#...# ♣P).P♣
###.# #...#
♣...♣♣ # #.#
#...# ♣♣.♣♣
# #.# #...#
♣.♣♣ # #.#
#...# ♣♣.♣ #
#.####...#
♣.♣♣ #
#.....####
♣♣.♣ #
#####.# #@#
# ####.####
#.g.# #
#.......#
#...#
####.#####.#
#..)#
......# #.#
#####
#####.# #.#
§≈§≈#.# #.#
§.§§#.####.#
≈_§≈#......#


You could see Crazy Yiuf (resistant).


Message History

Crazy Yiuf hits you but does no damage.
You closely miss Crazy Yiuf.
Crazy Yiuf is heavily wounded.
Crazy Yiuf hits you but does no damage.
You feel yourself slow down.
You closely miss Crazy Yiuf. Your kick misses Crazy Yiuf.
Crazy Yiuf is heavily wounded.
Crazy Yiuf hits you but does no damage.
You feel drained. Crazy Yiuf hits you but does no damage.
You hit Crazy Yiuf.
Crazy Yiuf is severely wounded.
Crazy Yiuf says, "Cod!"
Crazy Yiuf hits you with a +2 quarterstaff of chaos.
* * * LOW HITPOINT WARNING * * *
You feel drained.
* * * LOW HITPOINT WARNING * * *
You hit Crazy Yiuf.
Crazy Yiuf is almost dead.
Crazy Yiuf hits you with a +2 quarterstaff of chaos.
* * * LOW HITPOINT WARNING * * *
You convulse.
* * * LOW HITPOINT WARNING * * *
Crazy Yiuf hits you but does no damage.
You are electrocuted!
* * * LOW HITPOINT WARNING * * *
You hit Crazy Yiuf but do no damage.
Crazy Yiuf is almost dead.
Crazy Yiuf whimpers, "Tosser!
Buddy koolooloo pontify."
Crazy Yiuf hits you with a +2 quarterstaff of chaos.
You die...

Skill      XL: |  1  2  3  4 |
---------------+-------------+-----
Long Blades    | 2 3 |  3.8
Invocations    | 3 4 5 |  5.5
Fighting       | |  3.0
Armour         | |  1.7
Dodging        | |  0.8

Action                   |  1- 3 |  4- 6 || total
-------------------------+-------+-------++-------
Melee: Falchion          |   117 |    81 ||   198
       Kick              |    19 |    17 ||    36
Invok: Depart the Abyss  |     1 |       ||     1
  Use: Potion            |       |     1 ||     1
Armor: Leather armour    |     7 |       ||     7
       Scale mail        |    18 |       ||    18
       Chain mail        |    27 |    45 ||    72
Dodge: Dodged            |    51 |    23 ||    74
Block: Other             |    16 |    13 ||    29
       Rpst.: Falchion   |    14 |     9 ||    23

Levels and vault maps discovered:
D:1:      wander_arrival_desolate, layout_loops_ring, skrybe_limestone_x,
          corexii_leaking_fountain, hangedman_decor_opposing
D:2:      layout_basic, grunt_dithmenos_smoke_and_mirrors
D:3:      layout_basic, general_overflow_altar, nicolae_overflow_crystal_walls,
          uniq_crazy_yiuf_cottage

Notes
Turn   | Place    | Note
-------+----------+-------------------------------------------
     0 | Abyss:1  | Dracia the Demonspawn Abyssal Knight began the quest for
                  | the Orb.
     0 | Abyss:1  | Reached XP level 1. HP: 18/18 MP: 2/2
    54 | Abyss:1  | Noticed an ancient zyme
    55 | D:1      | You pass through the gate.
    55 | D:1      | Escaped the Abyss
    92 | D:1      | Reached skill level 2 in Long Blades
   251 | D:1      | Reached * piety under Lugonu
   267 | D:1      | Reached skill level 3 in Invocations
   267 | D:1      | Gained mutation: You have sharp toenails. [demonic
                  | ancestry]
   267 | D:1      | Reached XP level 2. HP: 17/24 MP: 2/4
   695 | D:1      | Gained mutation: You are partially covered in large bone
                  | plates. (SH +4) [demonic ancestry]
   695 | D:1      | Reached XP level 3. HP: 24/29 MP: 5/5
  1622 | D:2      | Reached skill level 4 in Invocations
  2062 | D:2      | Found a shadowy altar of Dithmenos.
  2322 | D:3      | Reached skill level 3 in Long Blades
  2328 | D:3      | Gained mutation: You are immune to miasma. [demonic
                  | ancestry]
  2328 | D:3      | Reached XP level 4. HP: 26/35 MP: 7/7
  2345 | D:3      | Reached ** piety under Lugonu
  2450 | D:3      | Found an ornate altar of the Wu Jian Council.
  2788 | D:3      | Found a runed translucent door.
  2789 | D:3      | Noticed Crazy Yiuf
  2901 | D:3      | Found a snail-covered altar of Cheibriados.
  3244 | D:3      | Noticed an ogre
  3252 | D:3      | Killed an ogre
  3253 | D:3      | Reached skill level 5 in Invocations
  3253 | D:3      | Reached XP level 5. HP: 11/41 MP: 7/9
  3860 | D:3      | HP: 1/37 [Crazy Yiuf/+2 quarterstaff of chaos (10)]
  3861 | D:3      | Slain by Crazy Yiuf

Vanquished Creatures
  An ogre (D:3)
  2 adders
  An ufetubus (D:3)
  2 oozes (D:1)
  A worm (D:2)
  A dart slug (D:1)
  A leopard gecko (D:3)
  7 orcs
  3 giant cockroaches
  A goblin (D:3)
  13 hobgoblins
  3 jackals (D:3)
  A ball python (D:1)
  6 bats
  5 frilled lizards
  9 kobolds
  8 rats
65 creatures vanquished.

Table legend: (Time is in decaauts)
 A = Elapsed time spent in this place.
 B = Non-inter-level travel time spent in this place.
 C = Inter-level travel time spent in this place.
 D = Time resting spent in this place.
 E = Time spent auto-exploring this place.
 F = Levels seen in this place.
 G = Mean time per level.
                   A        B        C        D        E       F      G
               +--------+--------+--------+--------+--------+-----+--------+
         Total |   3893 |   3855 |     38 |    338 |   3038 |   4 |  973.2 |
       Dungeon |   3837 |   3799 |     38 |    338 |   2983 |   3 | 1279.0 |
         Abyss |     56 |     56 |      0 |      0 |     55 |   1 |   56.0 |
               +--------+--------+--------+--------+--------+-----+--------+

Top non-repeatable levels by time:
     D:3: 1559 daAuts
     D:2: 1171 daAuts
     D:1: 1105 daAuts
 Abyss:1: 56 daAuts

Table legend:
 A = Non-vault XP
 B = Vault XP
 C = Vault XP percentage of total XP
 D = Non-vault monster count
 E = Vault monster count
 F = Vault count percentage of total count
                 A         B        C        D         E       F
            +---------+---------+-------+---------+---------+-------
      Total |     278 |       0 |   0.0 |      65 |       0 |   0.0
            +---------+---------+-------+---------+---------+-------
        D:1 |      46 |       0 |   0.0 |      23 |       0 |   0.0
        D:2 |      39 |       0 |   0.0 |      14 |       0 |   0.0
        D:3 |     193 |       0 |   0.0 |      28 |       0 |   0.0
            +---------+---------+-------+---------+---------+-------
